 Dungeon Sprint DCSS version 0.27.1-34-g3ba077fa99 (webtiles) character file.

Game seed: 15418801567701840636

241606 Arum the Invulnerable (level 18, -8/164 (182) HPs)
             Began as a Formicid Fighter on Jan 16, 2022.
             Was an Initiate of Gozag.
             Killed from afar by a shadow dragon (68 damage)
             ... with a bolt of negative energy
             ... in the Dungeon (Sprint IX: "|||||||||||||||||||||||||||||").
             The game lasted 00:25:15 (10167 turns).

Arum the Invulnerable (Formicid Fighter)           Turns: 10167, Time: 00:25:15

HP:   -8/164 (182)  AC: 29    Str: 29    XL:     18   Next: 84%
MP:   24/24         EV: 17    Int:  8    God:    Gozag
Gold: 1912          SH: 32    Dex: 10    Spells: 17/17 levels left

rFire    + + .     SeeInvis +   j - +9 quarterstaff (speed)
rCold    + . .     Faith    .   K - +0 tower shield {rC+ rF+}
rNeg     . . .     Spirit   .   F - +3 chain mail "Useaff" {rElec rCorr}
rPois    +         Reflect  +   (helmet unavailable)
rElec    +         Harm     .   a - +0 cloak
rCorr    +         Rampage  .   D - +1 pair of gloves
Will     +....                  C - +1 pair of boots
Stlth    ..........             t - amulet of reflection
HPRegen  0.37/turn              l - ring of protection from fire
MPRegen  0.19/turn              v - ring of poison resistance

@: marked, gold aura, drained
A: permanent stasis, dig shafts and tunnels, antennae 3, four strong arms
}: 4/17 runes: decaying, serpentine, barnacled, gossamer
a: Dig, Renounce Religion, Potion Petition, Call Merchant, Bribe Branch


You were in the Dungeon.
You worshipped Gozag.
Gozag was most pleased with you.
You visited 1 branch You collected 8302 gold pieces.
You spent 2311 gold pieces at shops.
You paid 4079 gold pieces to Gozag.

Inventory:

Hand Weapons
 j - a +9 quarterstaff of speed (weapon)
 s - a +3 lajatang of draining
Missiles
 q - 31 javelins
 A - 4 throwing nets
 M - 6 silver javelins
Armour
 a - a +0 cloak (worn)
 i - a +10 plate armour of ponderousness
 o - the +0 kite shield of Gehenna {Harm *Corrode Fly rF++}
   (Okawaru gifted it to you in the Dungeon)

   rF:        It greatly protects you from fire.
   Fly:       It grants you flight.
   *Corrode:  It may corrode you when you take damage.
   Harm:      It increases damage dealt and taken.
 C - a +1 pair of boots (worn)
 D - a +1 pair of gloves (worn)
 F - the +3 chain mail "Useaff" (worn) {rElec rCorr}
   (Okawaru gifted it to you in the Dungeon)

   rElec:     It insulates you from electricity.
   rCorr:     It protects you from acid and corrosion.
 K - a +0 tower shield of resistance (worn)
Jewellery
 l - a ring of protection from fire (left hand)
 m - an amulet of regeneration
 r - a ring of wizardry
 t - an amulet of reflection (around neck)
 u - a ring of resist corrosion
 v - a ring of poison resistance (right hand)
 B - a ring of protection from cold
 G - a +6 ring of intelligence
 H - a ring of wizardry
 I - a +6 ring of strength
Wands
 c - a wand of digging (8)
Scrolls
 d - a scroll of fog
 h - 2 scrolls of amnesia
 k - 4 scrolls of enchant armour
 n - 3 scrolls of fear
 p - a scroll of immolation
 w - a scroll of holy word
 y - a scroll of identify
Potions
 b - 4 potions of might
 e - 7 potions of curing
 f - 5 potions of heal wounds
 g - 4 potions of magic
 x - 3 potions of brilliance
 z - a potion of flight
 E - a potion of attraction {unknown}
 J - a potion of mutation
 L - a potion of resistance


   Skills:
 O Level 27 Fighting
 - Level 20.0 Staves
 O Level 27 Armour
 + Level 24.4 Dodging
 O Level 27 Shields
 - Level 8.0 Invocations


You had 17 spell levels left.
You didn't know any spells.
Your spell library was empty.

Dungeon Overview and Level Annotations

Branches:
Dungeon (1/1)

Altars:
Cheibriados
Dithmenos
Elyvilon
Fedhas
Gozag
Hepliaklqana
Kikubaaqudgha
Makhleb
Nemelex Xobeh
Okawaru
Qazlal
Ru
Sif Muna
Trog
Uskayaw
Vehumet
Wu Jian
Xom
Yredelemnul
Zin
The Shining One
Beogh
Jiyva
Lugonu

Shops:
D [*[?*=(


Innate Abilities, Weirdness & Mutations

You cannot be hasted, slowed, berserked, paralysed or teleported.
You can dig through walls and to a lower floor.
You have a pair of large antennae on your head. (SInv)
Your four strong arms can wield two-handed weapons with a shield.


Message History

You bludgeon the deep elf death mage!!
The deep elf death mage is no longer distracted by gold.
The deep elf death mage is almost dead.
You sock the deep elf death mage!
You kill the deep elf death mage!
Found 26 stones.
The tengu reaver is no longer distracted by gold.
The shadow dragon is no longer distracted by gold.
The purple very ugly thing is distracted by your dazzling golden aura.
The shadow dragon is distracted by your dazzling golden aura.
Things that are here:
72 gold pieces; a +0 long sword You barely miss the shadow dragon.
The shadow dragon is no longer distracted by gold.
The purple very ugly thing is no longer distracted by gold.
The tengu reaver is distracted by your dazzling golden aura. x2
The tengu reaver shouts! x2
You hit the shadow dragon.
The shadow dragon is lightly wounded.
You hit the shadow dragon.
The shadow dragon is lightly wounded.
The shadow dragon breathes negative energy at you.
The bolt of negative energy misses you.
The shadow dragon is distracted by your dazzling golden aura.
You hit the shadow dragon.
The shadow dragon is lightly wounded.
You hit the shadow dragon.
The shadow dragon is lightly wounded.
You block the shadow dragon's attack. x3
You sock the shadow dragon!
The shadow dragon is lightly wounded.
The tengu reaver is no longer distracted by gold.
You hit the shadow dragon but do no damage.
The shadow dragon is lightly wounded.
You completely miss the shadow dragon.
The shadow dragon is lightly wounded.
The shadow dragon breathes negative energy at you.
The bolt of negative energy hits you!!!
You feel drained.
You die...
Your body crumbles into a pile of gold.

{▓.▓.▓.▓.▓)▓)▓)▓.
▓(▓.▓.▓.▓?▓)▓[▓.▓)
▓c▓.▓.▓.▓.▓)▓)▓.▓.
▓Q▓.▓'▓.▓?▓.▓.▓.▓)
▓Q▓.▓.▓.▓.▓.▓)▓.▓.
▓D▓.▓.▓.▓.▓.▓)▓.▓)
▓u▓.▓.▓.▓.▓.▓)▓.▓)
▓D▓.▓∩▓.▓.▓.▓)▓.▓'
▓@▓.▓.▓.▓.▓.▓.▓.▓.
▓$▓.▓.▓.▓!▓.▓)▓.▓.
▓$▓.▓.▓.▓.▓)▓)▓.▓)
▓$▓[▓.▓.▓.▓.▓[▓.▓)
▓$▓.▓[▓.▓.▓.▓.▓.▓.
▓$▓.▓)▓.▓.▓.▓)▓.▓)
▓$▓.▓.▓)▓.▓.▓)▓.▓)
▓$▓.▓.▓[▓.▓.▓)▓.▓)
▓+▓.▓.▓)▓[▓.▓'▓.▓)


You could see 2 shadow dragons, a purple very ugly thing, 2 tengu reavers and a
yaktaur captain.

Vanquished Creatures
  An ancient lich (D)
  Boris (D)
  Frederick (D)
  Sojobo (D)
  Xtahua (D)
  A golden dragon (D)
  Nikola (D)
  Jory (D)
  A lich (D)
  2 titans (D)
  Frances (D)
  2 sphinxes (D)
  Ilsuiw (D)
  4 tengu reavers (D)
  3 nagarajas (D)
  2 fire giants (D)
  2 orc warlords (D)
  2 frost giants (D)
  6 emperor scorpions (D)
  Aizul (D)
  4 vault wardens (D)
  3 ghost moths (D)
  2 very ugly things (D)
  2 ironbound preservers (D)
  5 stone giants (D)
  A deep elf demonologist (D)
  A minotaur (D)
  2 bunyips (D)
  An eleionoma (shapeshifter) (D)
  2 ettins (D)
  4 merfolk javelineers (D)
  An eleionoma (D)
  A deep elf death mage (D)
  5 merfolk impalers (D)
  2 fire dragons (D)
  Josephine (D)
  2 yaktaur captains (D)
  A great orb of eyes (D)
  Harold (D)
  25 vault guards (D)
  2 boulder beetles (D)
  2 rakshasas (D)
  8 hydras (D)
  3 naga warriors (D)
  An ironbound thunderhulk (D)
  A catoblepas (D)
  5 ogre magi (D)
  4 merfolk aquamancers (D)
  2 ironbound frosthearts (D)
  3 anacondas (D)
  6 two-headed ogres (D)
  3 centaur warriors (D)
  A merfolk avatar (D)
  2 deep troll earth magi (D)
  2 deep troll shamans (D)
  5 death yaks (D)
  A naga sharpshooter (D)
  A tengu warrior (D)
  A vampire mage (D)
  Urug (D)
  5 hell knights (D)
  Nergalle (D)
  2 sea snakes (D)
  A spriggan druid (D)
  3 wizards (D)
  7 swamp dragons (D)
  A harpy (shapeshifter) (D)
  A necromancer (D)
  An ironbound convoker (D)
  2 ugly things (D)
  An orc knight (D)
  An orb spider (D)
  2 wolf spiders (D)
  A deep elf pyromancer (D)
  An elephant (D)
  A manticore (D)
  A merfolk siren (D)
  3 guardian serpents (D)
  4 vault sentinels (D)
  A black mamba (D)
  4 naga magi (D)
  2 cane toads (D)
  A yaktaur (D)
  Psyche (D)
  3 demonic crawlers (D)
  2 tengu conjurers (D)
  A polar bear (D)
  6 merfolk (D)
  A wind drake (shapeshifter) (D)
  3 jumping spiders (D)
  A wind drake (D)
  3 hornets (D)
  3 trolls (D)
  A blink frog (D)
  2 slime creatures (D)
  3 spriggans (D)
  3 tarantellas (D)
  4 wraiths (D)
  A redback (D)
  6 yaks (D)
  A tarantella (shapeshifter) (D)
  2 basilisks (D)
  A wyvern (D)
  4 nagas (D)
  An acid dragon (D)
  3 water moccasins (D)
  A swamp drake (D)
  An ice beast (D)
  15 orc warriors (D)
  3 ogres (D)
  2 centaurs (D)
  A wolf (D)
  4 bullfrogs (D)
  3 orc priests (D)
  7 orc wizards (D)
  A dart slug (D)
  4 orcs (D)
  A bat zombie (D)
  A jackal (D)
  A kobold (D)
  A quokka (D)
  A ball python zombie (D)
  A rat (D)
306 creatures vanquished.

Vanquished Creatures (others)
  Margery (D)
  A wizard (D)
2 creatures vanquished.

Grand Total: 308 creatures vanquished

Notes
Turn   | Place    | Note
-------+----------+-------------------------------------------
     0 | D        | Arum the Formicid Fighter began the quest for the Orb.
     0 | D        | Reached XP level 1. HP: 18/18 MP: 1/1
    14 | D        | Reached XP level 2. HP: 25/25 MP: 2/2
    26 | D        | Noticed a centaur
    26 | D        | Noticed a water moccasin
    26 | D        | Noticed an ice beast
    33 | D        | Killed an ice beast
    34 | D        | Reached skill level 5 in Fighting
    34 | D        | Reached skill level 5 in Armour
    34 | D        | Reached XP level 3. HP: 10/34 MP: 3/3
    34 | D        | Reached XP level 4. HP: 12/40 MP: 4/4
    34 | D        | Reached XP level 5. HP: 14/46 MP: 5/5
    38 | D        | Killed a water moccasin
    39 | D        | Reached XP level 6. HP: 25/55 MP: 6/6
   243 | D        | Found a snail-covered altar of Cheibriados.
   243 | D        | Found a shadowy altar of Dithmenos.
   243 | D        | Found a white marble altar of Elyvilon.
   243 | D        | Found a blossoming altar of Fedhas.
   243 | D        | Found an opulent altar of Gozag.
   244 | D        | Found a hazy altar of Hepliaklqana.
   245 | D        | Found a viscous altar of Jiyva.
   246 | D        | Found an ancient bone altar of Kikubaaqudgha.
   247 | D        | Found a corrupted altar of Lugonu.
   248 | D        | Found a burning altar of Makhleb.
   249 | D        | Found a sparkling altar of Nemelex Xobeh.
   250 | D        | Found an iron altar of Okawaru.
   251 | D        | Found a stormy altar of Qazlal.
   252 | D        | Found a sacrificial altar of Ru.
   253 | D        | Found a shimmering blue altar of Sif Muna.
   254 | D        | Found a bloodstained altar of Trog.
   255 | D        | Found a hide-covered altar of Uskayaw.
   256 | D        | Found a radiant altar of Vehumet.
   257 | D        | Found an ornate altar of the Wu Jian Council.
   258 | D        | Became a worshipper of Warmaster Okawaru
   259 | D        | Found a shimmering altar of Xom.
   260 | D        | Found a basalt altar of Yredelemnul.
   261 | D        | Found a glowing silver altar of Zin.
   262 | D        | Found a glowing golden altar of the Shining One.
   317 | D        | Noticed a yak
   317 | D        | Noticed a troll
   317 | D        | Noticed a yak
   317 | D        | Noticed an orc warrior
   317 | D        | Noticed an acid dragon
   317 | D        | Noticed an orc warrior
   331 | D        | Killed an orc warrior
   332 | D        | Reached XP level 7. HP: 28/62 MP: 7/7
   335 | D        | Killed an acid dragon
   335 | D        | Reached * piety under Okawaru
   346 | D        | Killed a yak
   347 | D        | Reached XP level 8. HP: 18/72 MP: 5/8
   350 | D        | Killed a troll
   350 | D        | Reached ** piety under Okawaru
   351 | D        | Reached skill level 10 in Fighting
   351 | D        | Reached skill level 10 in Armour
   352 | D        | Killed a yak
   601 | D        | Noticed a boulder beetle
   601 | D        | Noticed a deep elf pyromancer
   601 | D        | Noticed a troll
   601 | D        | Noticed a manticore
   601 | D        | Noticed a two-headed ogre
   601 | D        | Noticed a troll
   608 | D        | Killed a troll
   609 | D        | Reached skill level 10 in Staves
   612 | D        | Killed a two-headed ogre
   612 | D        | Reached *** piety under Okawaru
   613 | D        | Reached skill level 10 in Shields
   613 | D        | Reached XP level 9. HP: 79/82 MP: 6/9
   624 | D        | Killed a manticore
   630 | D        | Killed a troll
   634 | D        | Killed a deep elf pyromancer
   634 | D        | Reached **** piety under Okawaru
   635 | D        | Reached XP level 10. HP: 50/92 MP: 6/10
   656 | D        | Killed a boulder beetle
   932 | D        | Noticed a cane toad
   936 | D        | Noticed a cane toad
   940 | D        | Killed a cane toad
   943 | D        | Reached ***** piety under Okawaru
   958 | D        | Killed a cane toad
   967 | D        | Reached skill level 5 in Invocations
  1084 | D        | Noticed an elephant
  1088 | D        | Noticed a seven-headed hydra
  1111 | D        | Reached XP level 11. HP: 101/101 MP: 12/15
  1118 | D        | Killed an elephant
  1127 | D        | Killed a seven-headed hydra
  1128 | D        | Identified the +0 kite shield of Gehenna {Harm *Corrode Fly
                  | rF++} (Okawaru gifted it to you in the Dungeon)
  1128 | D        | Received a gift from Okawaru
  1129 | D        | Reached skill level 15 in Fighting
  1220 | D        | Noticed a death yak
  1220 | D        | Noticed a death yak
  1220 | D        | Noticed a death yak
  1220 | D        | Noticed a catoblepas
  1221 | D        | Noticed a death yak
  1231 | D        | Killed a catoblepas
  1232 | D        | Reached skill level 15 in Armour
  1236 | D        | Noticed a death yak
  1254 | D        | Killed a death yak
  1261 | D        | Killed a death yak
  1275 | D        | Killed a death yak
  1282 | D        | Killed a death yak
  1299 | D        | Killed a death yak
  1300 | D        | Reached skill level 15 in Staves
  1558 | D        | Noticed Urug
  1569 | D        | Killed Urug
  1570 | D        | Reached XP level 12. HP: 95/113 MP: 10/18
  1603 | D        | Noticed Psyche
  1609 | D        | Killed Psyche
  1767 | D        | Received a gift from Okawaru
  1831 | D        | Found Yduj Tuupnask's Weapon Boutique.
  1831 | D        | Noticed a two-headed ogre
  1831 | D        | Noticed a two-headed ogre
  1831 | D        | Noticed a two-headed ogre
  1831 | D        | Noticed a two-headed ogre
  1837 | D        | Killed a two-headed ogre
  1838 | D        | Found Heme's Jewellery Shop.
  1838 | D        | Noticed an ogre mage
  1843 | D        | Killed a two-headed ogre
  1844 | D        | Noticed an ogre mage
  1848 | D        | Found Qetyut's Assorted Antiques.
  1848 | D        | Noticed an ogre mage
  1852 | D        | Noticed a two-headed ogre
  1853 | D        | Killed a two-headed ogre
  1857 | D        | Noticed an ogre mage
  1864 | D        | Killed a two-headed ogre
  1865 | D        | Found Feexasuu's Magic Scroll Shop.
  1872 | D        | Killed an ogre mage
  1872 | D        | Received a gift from Okawaru
  1876 | D        | Noticed an ogre mage
  1879 | D        | Killed an ogre mage
  1879 | D        | Reached ****** piety under Okawaru
  1885 | D        | Killed an ogre mage
  1888 | D        | Killed a two-headed ogre
  1893 | D        | Killed an ogre mage
  1894 | D        | Reached XP level 13. HP: 54/124 MP: 14/19
  1898 | D        | Killed an ogre mage
  2153 | D        | Bought an amulet of reflection for 360 gold pieces
  2153 | D        | Bought a ring of resist corrosion for 240 gold pieces
  2153 | D        | Bought a ring of poison resistance for 240 gold pieces
  2163 | D        | Bought a scroll of holy word for 90 gold pieces
  2165 | D        | Bought a cyan potion for 21 gold pieces
  2165 | D        | Bought a fizzy brown potion for 21 gold pieces
  2165 | D        | Bought a scroll labelled IKKOUWNANEDGH for 24 gold pieces
  2165 | D        | Bought a potion of curing for 72 gold pieces
  2165 | D        | Bought a scroll of enchant weapon for 180 gold pieces
  2165 | D        | Bought a potion of might for 96 gold pieces
  2167 | D        | Bought a scroll of identify for 24 gold pieces
  2167 | D        | Bought a scroll of identify for 24 gold pieces
  2167 | D        | Bought a scroll of identify for 24 gold pieces
  2220 | D        | Noticed Josephine
  2240 | D        | Killed Josephine
  2240 | D        | Received a gift from Okawaru
  2379 | D        | Noticed a centaur warrior
  2379 | D        | Noticed a centaur warrior
  2383 | D        | Killed a centaur warrior
  2397 | D        | Killed a centaur warrior
  2404 | D        | Noticed a rakshasa
  2418 | D        | Noticed a stone giant
  2426 | D        | Noticed a stone giant
  2427 | D        | Noticed a stone giant
  2439 | D        | Noticed a rakshasa
  2448 | D        | Killed a rakshasa
  2464 | D        | Killed a stone giant
  2476 | D        | Killed a stone giant
  2486 | D        | Noticed a stone giant
  2495 | D        | Killed a rakshasa
  2504 | D        | Killed a stone giant
  2835 | D        | Noticed Aizul
  2852 | D        | Killed Aizul
  2916 | D        | Noticed a five-headed hydra
  2916 | D        | Noticed a bunyip
  2916 | D        | Noticed an eleionoma
  2931 | D        | Killed an eleionoma
  2932 | D        | Reached XP level 14. HP: 120/136 MP: 13/20
  2932 | D        | Noticed a bunyip
  2958 | D        | Killed a bunyip
  2976 | D        | Killed a bunyip
  2994 | D        | Received a gift from Okawaru
  3338 | D        | Noticed an emperor scorpion
  3363 | D        | Killed an emperor scorpion
  3442 | D        | Reached skill level 1 in Dodging
  3853 | D        | Reached skill level 5 in Dodging
  3913 | D        | Noticed Harold
  3929 | D        | Killed Harold
  4003 | D        | Noticed a frost giant
  4003 | D        | Noticed a frost giant
  4012 | D        | Noticed a tengu reaver
  4016 | D        | Noticed an azure jelly
  4019 | D        | Killed a frost giant
  4027 | D        | Noticed a quicksilver dragon
  4027 | D        | an azure jelly changed into a quicksilver dragon
  4035 | D        | Noticed a fire giant
  4042 | D        | Killed a frost giant
  4042 | D        | Received a gift from Okawaru
  4043 | D        | Reached XP level 15. HP: 106/147 MP: 15/21
  4047 | D        | Noticed a lich
  4047 | D        | Noticed an azure jelly
  4047 | D        | a quicksilver dragon changed into an azure jelly
  4048 | D        | an azure jelly changed into an eleionoma
  4072 | D        | Killed a tengu reaver
  4072 | D        | Identified the +3 chain mail "Useaff" {rElec rCorr}
                  | (Okawaru gifted it to you in the Dungeon)
  4072 | D        | Received a gift from Okawaru
  4073 | D        | Noticed a stone giant
  4092 | D        | Noticed a stone giant
  4107 | D        | Killed a fire giant
  4121 | D        | Killed a lich
  4128 | D        | Killed a stone giant
  4133 | D        | Killed a stone giant
  4156 | D        | Reached skill level 15 in Shields
  4522 | D        | Noticed a cyan very ugly thing
  4522 | D        | Noticed a vault warden
  4522 | D        | Noticed an ironbound preserver
  4530 | D        | Killed an ironbound preserver
  4541 | D        | Killed a vault warden
  4542 | D        | Reached skill level 10 in Dodging
  4564 | D        | Killed a cyan very ugly thing
  4564 | D        | Identified the +10 trident of Calamity {holy, Dex+3}
                  | (Okawaru gifted it to you in the Dungeon)
  4564 | D        | Received a gift from Okawaru
  4599 | D        | Noticed an orc warlord
  4646 | D        | Killed an orc warlord
  4655 | D        | Identified the +3 longbow of Dissatisfaction {vorpal, rN+
                  | Str+4 Int+2} (Okawaru gifted it to you in the Dungeon)
  4655 | D        | Received a gift from Okawaru
  4684 | D        | Noticed an ancient lich
  4684 | D        | Noticed a sphinx
  4692 | D        | Reached XP level 16. HP: 38/159 MP: 17/22
  4708 | D        | Killed an ancient lich
  4708 | D        | Received a gift from Okawaru
  4724 | D        | Killed a sphinx
  5108 | D        | Noticed Margery
  5140 | D        | Killed Margery
  5502 | D        | Noticed Jory
  5538 | D        | Killed Jory
  5705 | D        | Noticed a tengu reaver
  5705 | D        | Noticed Sojobo
  5708 | D        | Noticed a tengu reaver
  5720 | D        | Killed a tengu reaver
  5736 | D        | Killed Sojobo
  5736 | D        | Received a gift from Okawaru
  5747 | D        | Killed a tengu reaver
  5766 | D        | Noticed Frederick
  5807 | D        | Killed Frederick
  6064 | D        | Reached skill level 15 in Dodging
  6064 | D        | Reached XP level 17. HP: 171/171 MP: 16/23
  6122 | D        | Got a decaying rune of Zot
  7066 | D        | Fell from the grace of Okawaru
  7066 | D        | Became a worshipper of Gozag Ym Sagoz the Greedy
  8003 | D        | Noticed Ilsuiw
  8039 | D        | Killed Ilsuiw
  8104 | D        | Got a barnacled rune of Zot
  8431 | D        | Got a serpentine rune of Zot
  8504 | D        | Bought a scroll of brand weapon for 360 gold pieces
  8530 | D        | Bought a +0 tower shield of resistance for 535 gold pieces
  8608 | D        | Reached skill level 27 in Fighting
  8608 | D        | Reached skill level 27 in Armour
  8733 | D        | Got a gossamer rune of Zot
  8855 | D        | Noticed Boris
  8887 | D        | Killed Boris
  9103 | D        | Noticed Xtahua
  9109 | D        | Noticed Nikola
  9119 | D        | Killed Xtahua
  9120 | D        | Reached XP level 18. HP: 94/182 MP: 24/24
  9126 | D        | Noticed Frances
  9133 | D        | Killed Nikola
  9146 | D        | Killed Frances
  9163 | D        | Noticed Nergalle
  9177 | D        | Killed Nergalle
  9614 | D        | Noticed a titan
  9614 | D        | Noticed a titan
  9622 | D        | Killed a titan
  9630 | D        | Killed a titan
  9851 | D        | Reached skill level 27 in Shields
 10034 | D        | Noticed a golden dragon
 10100 | D        | Killed a golden dragon
 10167 | D        | Killed from afar by a shadow dragon

Illustrated notes

Levels and vault maps discovered:
D:        linesprint [early_d, line_temple, items_1, d_10, items_2, lair_1,
          lair_end, items_3, orc_1, orc_end, items_4, d_15, swamp_1, shoals_1,
          snake_1, spider_1, d_20, vaults_1, items_5, swamp_end, shoals_end,
          snake_end, spider_end, vaults_end, d_27, items_6, zot_1, zot_end,
          crypt_end, forest_end, elf_end, slime_end, tomb_end, abyss_end,
          pan_hell_end]

Skill      XL: |  1  2  3  4  5  6  7  8  9 10 11 12 13 14 15 16 17 18 |
---------------+-------------------------------------------------------+-----
Shields        | 4 6 7 9 10 13 16 20 24 27 | 27.0
Fighting       | 5 7 8 9 12 13 14 16 18 20 22 24 25 27 | 27.0
Staves         | 4 6 7 8 10 12 13 15 17 19 20 | 20.0
Armour         | 5 7 8 9 11 13 14 16 18 20 22 24 25 27 | 27.0
Invocations    | 6 8 |  8.0
Dodging        | 6 11 15 19 24 | 24.4

Action                   |  1- 3 |  4- 6 |  7- 9 | 10-12 | 13-15 | 16-18 || total
-------------------------+-------+-------+-------+-------+-------+-------++-------
Melee: Quarterstaff      |    17 |    21 |    44 |   314 |   636 |  1042 ||  2074
Invok: Heroism           |       |       |     3 |     7 |    13 |     4 ||    27
       Finesse           |       |       |       |     4 |    10 |     5 ||    19
       Call Merchant     |       |       |       |       |       |     3 ||     3
       Potion Petition   |       |       |       |       |       |     4 ||     4
 Abil: Dig               |       |       |       |       |       |     1 ||     1
Evoke: Wand              |       |       |     5 |       |     1 |     4 ||    10
  Use: Potion            |     1 |     3 |       |       |     4 |     5 ||    13
       Scroll            |       |       |       |     6 |     4 |     5 ||    15
 Stab: Invisible         |       |     1 |     5 |       |       |     6 ||    12
       Distracted        |       |       |       |       |       |     5 ||     5
Armor: Scale mail        |     4 |     1 |       |       |       |       ||     5
       Ring mail         |       |     1 |     5 |    22 |     1 |       ||    29
       Chain mail        |       |       |       |       |    66 |    97 ||   163
Dodge: Dodged            |     9 |     7 |     5 |    24 |    46 |    96 ||   187
Block: Kite shield       |     4 |    13 |    25 |    90 |   190 |   168 ||   490
       Reflection        |       |       |       |       |    11 |     7 ||    18
       Tower shield      |       |       |       |       |       |   341 ||   341
